 Dungeon Crawl Stone Soup version 0.24.0-13-gcf9b319 (webtiles) character file.

Game seed: 792225445046639541, levelgen mode: deterministic

120 Fortress the Conjurer (level 5, -15/35 HPs)
             Began as a Human Conjurer on Jan 20, 2020.
             Demolished by an ogre
             ... wielding a +0 giant spiked club
              (28 damage)
             ... in the Ecumenical Temple.
             The game lasted 00:08:15 (2837 turns).

Fortress the Conjurer (Human Conjurer)              Turns: 2837, Time: 00:08:15

Health: -15/35     AC:  2    Str:  9    XL:     5   Next: 25%
Magic:  7/9        EV: 12    Int: 16    God:
Gold:   140        SH:  0    Dex: 13    Spells: 7/10 levels left

rFire    . . .     SeeInvis .   b - +2 dagger (venom)
rCold    . . .     Gourm    .   (no shield)
rNeg     . . .     Faith    .   a - +0 robe
rPois    .         Spirit   .   (no helmet)
rElec    .         Reflect  .   (no cloak)
rCorr    .         Harm     .   (no gloves)
MR       .....                  (no boots)
Stlth    ++........             (no amulet)
HPRegen  0.11/turn              (no ring)
MPRegen  0.11/turn              (no ring)

@: no status effects
A: no striking features
a: no special abilities


You were in the Ecumenical Temple.
You were hungry.

You visited 2 branches of the dungeon, and saw 5 of its levels.

You collected 140 gold pieces.

Inventory:

Hand Weapons
 b - a +2 dagger of venom (weapon)
 m - a +0 longbow
Missiles
 j - 6 poisoned darts (quivered)
Armour
 a - a +0 robe (worn)
Jewellery
 f - an uncursed amulet of faith
 h - an uncursed amulet of guardian spirit {unknown}
Wands
 l - a wand of enslavement (6)
Scrolls
 e - a scroll of fear {unknown}
 i - a scroll of identify
 n - a scroll of teleportation
Potions
 d - a potion of ambrosia {unknown}
 g - a potion of haste {unknown}
 k - a potion of curing
 o - a potion of heal wounds {unknown}
Comestibles
 c - 6 rations


   Skills:
 - Level 2.0 Dodging
 - Level 2.0 Stealth
 * Level 3.2 Spellcasting
 + Level 5.4 Conjurations


You had 7 spell levels left.
You knew the following spells:

 Your Spells              Type           Power        Failure   Level  Hunger
a - Magic Dart            Conj           ###.         1%          1    None
b - Searing Ray           Conj           ###...       3%          2    ##.....

Your spell library contained the following spells:

 Spells                   Type           Power        Failure   Level  Hunger
 Dazzling Spray           Conj/Hex       ##....       19%         3    ###....
 Iskenderun's Mystic Bla  Conj           ###.....     19%         4    ####...
 Force Lance              Conj/Tloc      ##......     52%         4    ####...
 Fulminant Prism          Conj/Hex       ##........   52%         4    ####...


Dungeon Overview and Level Annotations

Branches:
Dungeon (4/15)             Temple (1/1) D:4

Altars:
Cheibriados
Kikubaaqudgha
Nemelex Xobeh
Trog
Vehumet


Message History

There is a staircase to the Ecumenical Temple here.
The quokka bites you.
You climb downwards.
Welcome to the Ecumenical Temple!
Found a radiant altar of Vehumet.
There is a staircase back to the Dungeon here.
Casting: Magic Dart (safe; 1% risk of failure)
Confirm with . or Enter, or press ? or * to list all spells.
Aiming: Searing Ray (safe; 3% risk of failure)
Press: ? - help, Shift-Dir - straight line, f - ogre
Aim: an ogre, wielding a +0 giant spiked club (lightly wounded)
The searing ray misses the ogre. (Press . to maintain the ray.)
The quokka barely misses you.
The ogre hits you with a +0 giant spiked club!!
Ouch! That really hurt!
* * * LOW HITPOINT WARNING * * *
It was a potion of curing.
You feel better. The quokka closely misses you.
The ogre hits you with a +0 giant spiked club!!
Ouch! That really hurt!
You die...

#####
#...#
#._.#
...
...
##.##
#...#
#O@.#
#..r#
#####


You could see an ogre and a quokka.

Vanquished Creatures
  4 adders
  4 worms
  A dart slug (D:2)
  3 leopard geckos (D:2)
  An orc (D:2)
  5 giant cockroaches
  7 goblins
  6 hobgoblins
  5 jackals
  7 kobolds
  2 quokkas
  4 bats
  6 frilled lizards
  13 rats
68 creatures vanquished.

Notes
Turn   | Place    | Note
-------+----------+-------------------------------------------
     0 | D:1      | Fortress the Human Conjurer began the quest for the Orb.
     0 | D:1      | Reached XP level 1. HP: 13/13 MP: 3/3
   141 | D:1      | Reached XP level 2. HP: 11/19 MP: 1/5
   528 | D:1      | Reached XP level 3. HP: 21/24 MP: 2/6
  1066 | D:2      | Found a bloodstained altar of Trog.
  1252 | D:2      | Reached skill level 5 in Conjurations
  1252 | D:2      | Reached XP level 4. HP: 30/30 MP: 0/7
  1754 | D:2      | Found an ancient bone altar of Kikubaaqudgha.
  2009 | D:3      | Found a snail-covered altar of Cheibriados.
  2210 | D:3      | Found a sparkling altar of Nemelex Xobeh.
  2292 | D:3      | Reached XP level 5. HP: 26/35 MP: 2/9
  2823 | D:4      | Found a staircase to the Ecumenical Temple.
  2826 | D:4      | Noticed an ogre
  2833 | D:4      | Learned a level 2 spell: Searing Ray
  2835 | Temple   | Entered the Ecumenical Temple
  2837 | Temple   | Demolished by an ogre

Levels and vault maps discovered:
D:1:      onia_arrival_larder, layout_rooms, minmay_indecisive_spiral
D:2:      layout_loops_ring, lemuel_coloured_pillars_altar, trog_butcher_becter
D:3:      layout_loops_cross, cheibriados_altar_1, first_ration,
          nemelex_diamond_rough_becter
D:4:      layout_loops_cross, minmay_temple_entry_slanted, minmay_manual_mullet
Temple:   eino_wide_crystal_templ

Skill      XL: |  1  2  3  4 |
---------------+-------------+-----
Conjurations   | 5 |  5.4
Spellcasting   | 3 |  3.2
Dodging        | |  2.0
Stealth        | |  2.0

Action                   |  1- 3 |  4- 6 || total
-------------------------+-------+-------++-------
Melee: Dagger            |    32 |     7 ||    39
       Unarmed           |     1 |       ||     1
 Cast: Magic Dart        |    56 |    71 ||   127
       Searing Ray       |       |     1 ||     1
  Use: Scroll            |     2 |     2 ||     4
       Potion            |       |     1 ||     1
 Stab: Sleeping          |       |     1 ||     1
  Eat: Chunk             |     1 |     5 ||     6
Armor: Robe              |     6 |     2 ||     8
Dodge: Dodged            |    16 |    11 ||    27
